 Dungeon Crawl Stone Soup version 0.20.0-8-g6b59dc7 (webtiles) character file.

851 Kriby the Cleaver (level 7, 0/64 HPs)
             Began as a Minotaur Berserker on May 30, 2017.
             Was a Believer of Trog.
             Succumbed to an adder's poison
             ... on level 4 of the Dungeon.
             The game lasted 00:02:30 (3091 turns).

Kriby the Cleaver (Minotaur Berserker)              Turns: 3091, Time: 00:02:31

Health: 0/64       AC:  8    Str: 20 (23) XL:     7   Next: 69%
Magic:  6/6        EV: 10    Int:  2 (4)  God:    Trog [**....]
Gold:   91         SH:  0    Dex:  9 (10) Spells: 6/6 levels left

rFire    . . .     SeeInvis .   o - +0 morningstar
rCold    . . .     Gourm    .   (no shield)
rNeg     + . .     Faith    .   p - +1 scale mail {rN+}
rPois    .         Spirit   .   (helmet restricted)
rElec    .         Reflect  .   (no cloak)
rCorr    .         Harm     .   r - +0 pair of gloves
MR       .....                  (no boots)
Stlth    ..........             (no amulet)
Regen    0.2/turn               (no ring)
MPRegen  0.1/turn               (no ring)

@: lethally poisoned (0 -> -2), berserk cooldown, flying, hasted and slowed
A: retaliatory headbutt, horns 2
a: Berserk, Trog's Hand, Burn Spellbooks, Renounce Religion


You were on level 4 of the Dungeon.
You worshipped Trog.
Trog was pleased with you.
You were hungry.

You visited 1 branch of the dungeon, and saw 4 of its levels.

You collected 91 gold pieces.

Inventory:

Hand Weapons
 a - a +0 hand axe
 o - a +0 morningstar (weapon)
Armour
 b - a +0 animal skin
 p - a +1 scale mail of positive energy (worn)
 r - a +0 pair of gloves (worn)
 v - a +0 cloak
Jewellery
 g - an uncursed ring of magical power {unknown}
Wands
 t - a wand of polymorph (20/24)
Scrolls
 d - a scroll of remove curse {unknown}
 i - 3 scrolls of identify {unknown}
 k - 3 scrolls of blinking {unknown}
 l - a scroll of magic mapping {unknown}
 m - 3 scrolls of teleportation {unknown}
 u - a scroll of enchant weapon {unknown}
Comestibles
 c - 4 bread rations
 f - 3 royal jellies
 n - 8 fruits
 q - a chunk of flesh


   Skills:
 + Level 6.9 Fighting
 * Level 9.4 Axes
 - Level 2.4 Armour
 - Level 2.1 Dodging


You had 6 spell levels left.
You didn't know any spells.

Dungeon Overview and Level Annotations

Branches:
Dungeon (4/15)
 Temple: D:4-7

Altars:


Innate Abilities, Weirdness & Mutations

You reflexively headbutt those who attack you in melee.
You have a pair of horns on your head.


Message History

You feel sick. The adder bites you but does no damage.
It was a potion of haste.
You feel yourself speed up.
* * * LOW HITPOINT WARNING * * *
You feel sick. The adder closely misses you. You furiously retaliate!
You headbutt the adder! The adder barely misses you.
The howler monkey skeleton hits you but does no damage.
It was a potion of degeneration.
There was something very wrong with that liquid.
You feel weakened.
You feel dopey.
You feel clumsy. The adder bites you but does no damage.
The howler monkey skeleton hits you.
* * * LOW HITPOINT WARNING * * *
It was a potion of berserk rage.
You're still recovering from your berserk rage.
The adder barely misses you.
The howler monkey skeleton hits you but does no damage.
The adder bites you but does no damage.
It was a potion of flight.
You feel very buoyant.
You fly up into the air.
You die...

#####......... .##
.. #...........
..... ###.........
..#. .>.......)#
#... #.......#
..##.#.## #.......#
....$...#####...####
..........###.#.##
#...S@..<..#
..........Z...##...#
####.#####.#### .#.#
.. #... .#... ...
#....# .. .#. ..
.....# #. # . .
....... .. ......##


You could see an adder and a howler monkey skeleton.

Vanquished Creatures
  A two-headed ogre (D:4)
  Crazy Yiuf (D:3)
  Terence (D:3)
  Jessica (D:3)
  An orc wizard (D:3)
  7 adders
  An ooze (D:2)
  2 worms (D:2)
  A dart slug (D:1)
  3 leopard geckos
  2 orcs (D:3)
  5 bats
  6 giant cockroaches
  3 goblins
  5 hobgoblins
  2 jackals (D:2)
  3 frilled lizards
  9 kobolds
  7 rats
61 creatures vanquished.

Notes
Turn   | Place    | Note
-------+----------+-------------------------------------------
     0 | D:1      | Kriby the Minotaur Berserker began the quest for the Orb.
     0 | D:1      | Reached XP level 1. HP: 19/19 MP: 0/0
   230 | D:1      | Reached skill level 4 in Axes
   453 | D:1      | Reached XP level 2. HP: 26/27 MP: 1/1
  1018 | D:2      | Reached XP level 3. HP: 23/33 MP: 2/2
  1220 | D:2      | Reached skill level 5 in Axes
  1324 | D:2      | Reached ** piety under Trog
  1603 | D:2      | Reached XP level 4. HP: 41/41 MP: 3/3
  2064 | D:3      | Found a runed door.
  2169 | D:3      | Noticed Terence
  2187 | D:3      | Killed Terence
  2187 | D:3      | Reached skill level 6 in Axes
  2416 | D:3      | Reached XP level 5. HP: 44/47 MP: 4/4
  2697 | D:3      | Noticed Jessica
  2700 | D:3      | Killed Jessica
  2700 | D:3      | Reached skill level 5 in Fighting
  2958 | D:3      | Noticed Crazy Yiuf
  2961 | D:3      | Killed Crazy Yiuf
  2961 | D:3      | Reached skill level 7 in Axes
  3057 | D:4      | Noticed a two-headed ogre
  3065 | D:4      | HP: 3/72 [two-headed ogre/giant club (8)]
  3066 | D:4      | Killed a two-headed ogre
  3066 | D:4      | Reached skill level 9 in Axes
  3066 | D:4      | Reached XP level 6. HP: 4/58 MP: 5/5
  3066 | D:4      | Reached XP level 7. HP: 4/64 MP: 6/6
  3087 | D:4      | HP: 3/64 [poisoned by an adder]
  3089 | D:4      | HP: 1/64 [howler monkey skeleton (2)]
  3091 | D:4      | Succumbed to an adder's poison

Skill      XL: |  1  2  3  4  5 |
---------------+----------------+-----
Axes           | 4 5 6 9 |  9.4
Fighting       | 4 6 |  6.9
Armour         | |  2.4
Dodging        | |  2.1

Action                   |  1- 3 |  4- 6 |  7- 9 || total
-------------------------+-------+-------+-------++-------
Melee: Hand axe          |    72 |    35 |       ||   107
       Headbutt          |    10 |    12 |       ||    22
       Morningstar       |       |    43 |       ||    43
Invok: Berserk           |       |     1 |       ||     1
  Use: Potion            |       |       |     4 ||     4
  Eat: Chunk             |     2 |     5 |       ||     7
Armor: Animal skin       |    16 |     3 |       ||    19
       Scale mail        |       |    17 |     6 ||    23
Dodge: Dodged            |    55 |    47 |     5 ||   107
